 Dungeon Crawl Stone Soup version 0.24.0-125-gc4c63601f3 (webtiles) character file.

Game seed: 8704555621821637170, levelgen mode: deterministic

85 Descartes the Ducker (level 4, 0/22 HPs)
             Began as a Felid Monk on Feb 25, 2020.
             Succumbed to kobold's curare-tipped dart
             ... on level 3 of the Dungeon.
             The game lasted 00:05:56 (3650 turns).

Descartes the Ducker (Felid Monk)                   Turns: 3650, Time: 00:05:57

Health: 0/22       AC:  1    Str: 10 (12) XL:     4   Next: 25%
Magic:  5/5        EV: 20    Int:  8 (11) God:
Gold:   134        SH:  0    Dex: 17 (18) Spells: 3/3 levels left
                                        Lives:  0   Deaths: 1

rFire    . . .     SeeInvis +     - Unarmed
rCold    . . .     Gourm    .   (shield unavailable)
rNeg     . . .     Faith    .   (armour unavailable)
rPois    .         Spirit   .   (helmet unavailable)
rElec    .         Reflect  .   (cloak unavailable)
rCorr    .         Harm     .   (gloves unavailable)
MR       +....                  (boots unavailable)
Stlth    +++.......             (no amulet)
HPRegen  0.07/turn              p - +4 ring of strength
MPRegen  0.09/turn              j - ring of protection from magic

@: lethally poisoned (0 -> -17), hasted and slowed, quick
A: very small, no armour, no weapons or thrown items, stealth, claws 1, fangs 3,
see invisible, carnivore, speed 1, shaggy fur 1, slow metabolism 1, sharp paws
a: no special abilities


You were on level 3 of the Dungeon.
You were completely stuffed.

You visited 1 branch of the dungeon, and saw 3 of its levels.

You collected 134 gold pieces.

Inventory:

Missiles
 b - 67 arrows
 d - 104 stones
Jewellery
 g - an uncursed ring of flight
 j - a ring of protection from magic (right paw)
 l - an uncursed ring of ice
 p - a +4 ring of strength (left paw)
Scrolls
 c - a scroll of magic mapping {unknown}
 e - a scroll of enchant armour {unknown}
 i - a scroll of immolation {unknown}
 k - a scroll of remove curse {unknown}
 m - 2 scrolls of teleportation {unknown}
 o - 2 scrolls of identify {unknown}
Potions
 h - a potion of haste
 n - a potion of curing {unknown}
Comestibles
 a - 6 rations
 q - 2 chunks of flesh


   Skills:
 + Level 3.7 Fighting
 + Level 4.9 Dodging
 + Level 4.0 Stealth
 * Level 4.3 Unarmed Combat


You had 3 spell levels left.
You didn't know any spells.
Your spell library was empty.

Dungeon Overview and Level Annotations

Branches:
Dungeon (3/15)

Altars:
Ashenzari
Elyvilon
Kikubaaqudgha
Uskayaw
The Shining One


Innate Abilities, Weirdness & Mutations

You cannot wear armour.
You are incapable of wielding weapons or throwing items.
Your paws allow you to move quietly. (Stealth)
You have sharp claws.
You have razor-sharp teeth.
You have supernaturally acute eyesight. (SInv)
You are carnivorous and can eat meat at any time.
You cover ground quickly.
You are covered in fur. (AC +1)
You have a slow metabolism.
Your sharp claws are effective at attacking unaware monsters.


Message History

The kobold throws a curare-tipped dart.
The curare-tipped dart hits you.
You are poisoned.
You have difficulty breathing.
You feel yourself slow down.
You feel sick.
The kobold throws a curare-tipped dart.
The curare-tipped dart hits you.
You are lethally poisoned!
You have difficulty breathing.
* * * LOW HITPOINT WARNING * * *
You feel as though you will be slow longer.
You see here a curare-tipped dart.
It was a potion of haste.
You feel yourself speed up.
* * * LOW HITPOINT WARNING * * *
You feel very sick.
The kobold throws a curare-tipped dart.
The curare-tipped dart barely misses you.
The kobold hits you but does no damage.
It was a potion of degeneration.
There was something very wrong with that liquid.
You feel weakened.
You feel dopey.
You feel clumsy.
You die...

..#### ######.......#.......#....
...............####....._.....[..
##############.## #.#.......#.#.#
#..# #.#.......#.#.# ##.#
#.##.....##.#<#
#.###.####.####.#.# #.(..........
..... ###......## ###. ##.
#...@....# #. #.#..K...... ##
#..#......### # ... #.K....# ####
#......# ########


You could see 2 kobolds.

Vanquished Creatures
  4 gnolls
  2 adders (D:2)
  A worm (D:2)
  2 dart slugs (D:1)
  A leopard gecko (D:2)
  A ball python (D:2)
  2 giant cockroaches
  9 goblins
  6 hobgoblins
  11 jackals
  2 quokkas
  14 bats
  5 frilled lizards
  10 kobolds
  15 rats
85 creatures vanquished.

Notes
Turn   | Place    | Note
-------+----------+-------------------------------------------
     0 | D:1      | Descartes the Felid Monk began the quest for the Orb.
     0 | D:1      | Reached XP level 1. HP: 10/10 MP: 2/2
   439 | D:1      | Reached XP level 2. HP: 14/14 MP: 3/3
   968 | D:1      | Reached XP level 3. HP: 17/17 MP: 4/4
  2035 | D:2      | Reached XP level 4. HP: 21/21 MP: 5/5
  2888 | D:2      | Found a white marble altar of Elyvilon.
  2946 | D:2      | Found a glowing golden altar of the Shining One.
  2984 | D:2      | Noticed a +0 dagger
  2984 | D:2      | Noticed a +0 dagger
  2988 | D:2      | Found a hide-covered altar of Uskayaw.
  3271 | D:1      | Mangled by a gnoll
  3272 | D:1      | Reached XP level 3. HP: -6/17 MP: 4/4
  3287 | D:1      | Reached XP level 4. HP: 22/22 MP: 5/5
  3524 | D:3      | Found an ancient bone altar of Kikubaaqudgha.
  3545 | D:3      | Found a shattered altar of Ashenzari.
  3649 | D:3      | HP: 1/22 [poisoned by kobold (curare-tipped dart)]
  3650 | D:3      | Succumbed to kobold's curare-tipped dart

Levels and vault maps discovered:
D:1:      erik_arrival_orb_chamber, layout_basic, st_stairs_12
D:2:      layout_rooms, lemuel_coloured_pillars_altar, dancing_weapons_uskayaw,
          minmay_misc_feat_hallway, tso_altar
D:3:      layout_rooms, old_standard_altar, kiku_gazebo_pond_becter

Skill      XL: |  1  2  3  4 |
---------------+-------------+-----
Stealth        | 3 4 |  4.0
Unarmed Combat | 4 |  4.3
Fighting       | |  3.7
Dodging        | |  4.9

Action                   |  1- 3 |  4- 6 || total
-------------------------+-------+-------++-------
Melee: Unarmed           |   134 |    83 ||   217
       Bite              |     9 |     6 ||    15
       Punch             |     4 |       ||     4
  Use: Potion            |       |     2 ||     2
 Stab: Sleeping          |     7 |     8 ||    15
       Distracted        |       |     1 ||     1
  Eat: Chunk             |    12 |     6 ||    18
Armor: Skin              |     8 |     4 ||    12
Dodge: Dodged            |   109 |    75 ||   184
